 Dungeon Crawl Stone Soup version 0.24-a0-585-g5c5dc1b5cb (webtiles) character file.

Game seed: 2897217415260253739, levelgen mode: deterministic

27157 Flugkiller the Black Sun (level 13, -19/88 HPs)
             Began as an Octopode Fire Elementalist on Sept 6, 2019.
             Was a High Priest of Kikubaaqudgha.
             Killed from afar by an ice dragon (42 damage)
             ... with a blast of cold
             ... on level 5 of the Lair of Beasts on Sept 7, 2019.
             The game lasted 00:49:40 (20008 turns).

Flugkiller the Black Sun (OpFE)                    Turns: 20008, Time: 00:49:41

Health: -19/88     AC:  1    Str: 12    XL:     13   Next: 30%
Magic:  29/31      EV: 23    Int: 22    God:    Kikubaaqudgha [*****.]
Gold:   623        SH:  6    Dex: 20    Spells: 4/24 levels left

rFire    + + .     SeeInvis .   M - +10 broad axe "Oxkekoum" {speed, Str+5 Dex+7}
rCold    x . .     Gourm    .   F - +0 buckler
rNeg     . . .     Faith    .   (helmet restricted)
rPois    .         Spirit   .   (no amulet)
rElec    .         Reflect  .   z - ring of fire
rCorr    .         Harm     .   r - +1 ring of evasion
MR       .....                  g - ring of stealth
Stlth    ++++++....             S - ring of protection from fire
HPRegen  0.24/turn              u - ring of magical power
MPRegen  0.22/turn              (no ring)
                                (no ring)
                                (no ring)

@: no status effects
A: almost no armour, stealthy swim, amphibious, 8 rings, constrict 8, camouflage
1, gelatinous body 1
a: Receive Corpses, Torment, Renounce Religion


You were on level 5 of the Lair of Beasts.
You worshipped Kikubaaqudgha.
Kikubaaqudgha was extremely pleased with you.
You were not hungry.

You visited 2 branches of the dungeon, and saw 14 of its levels.

You collected 681 gold pieces.
You spent 58 gold pieces at shops.

Inventory:

Hand Weapons
 m - a +1 hunting sling
   (You took it off a kobold on level 1 of the Dungeon)
 M - the +10 broad axe "Oxkekoum" (weapon) {speed, Str+5 Dex+7}
   (You found it on level 1 of the Lair of Beasts)

   Attacks with this weapon are significantly faster.
   It affects your strength (+5).
   It affects your dexterity (+7).
Missiles
 e - 296 stones
 o - 65 sling bullets
 v - 8 curare-tipped darts (quivered)
Armour
 F - a +0 buckler (worn)
   (You bought it in a shop on level 8 of the Dungeon)
Jewellery
 g - a ring of stealth (on tentacle)
   (You found it on level 9 of the Dungeon)
 r - a +1 ring of evasion (right tentacle)
   (You found it on level 2 of the Dungeon)
 u - a ring of magical power (on tentacle)
   (You found it on level 4 of the Lair of Beasts)
 z - a ring of fire (left tentacle)
   (You took it off an orc on level 5 of the Dungeon)
 R - a cursed amulet of guardian spirit {unknown}
   (You found it on level 2 of the Lair of Beasts)
 S - a ring of protection from fire (on tentacle)
   (You found it on level 2 of the Lair of Beasts)
Wands
 n - a wand of paralysis (22)
   (You found it on level 2 of the Dungeon)
 x - a wand of scattershot (8)
   (You found it on level 4 of the Dungeon)
 y - a wand of polymorph (19)
   (You found it on level 4 of the Dungeon)
 E - a wand of iceblast (10)
   (You found it on level 8 of the Dungeon)
 I - a wand of acid (8)
   (You found it on level 5 of the Lair of Beasts)
 K - a wand of digging (17)
   (You found it on level 1 of the Lair of Beasts)
Scrolls
 b - 4 scrolls of fear
 c - 8 scrolls of remove curse
 j - a scroll of noise {unknown}
 l - a scroll of magic mapping
 p - 4 scrolls of amnesia
 q - 2 scrolls of enchant weapon
 s - a scroll of enchant armour
 t - 2 scrolls of teleportation
 A - 3 scrolls of immolation
 O - a scroll of fog {unknown}
Potions
 a - 2 potions of might
 d - 3 potions of heal wounds
 h - 4 potions of flight
 i - a potion of invisibility
 k - 3 potions of haste
 w - 6 potions of curing
 B - a potion of cancellation
 C - 2 potions of lignification
 D - 2 potions of brilliance
 G - 2 potions of berserk rage
 N - a potion of resistance
Miscellaneous
 J - a phial of floods
   (You found it on level 1 of the Lair of Beasts)
Comestibles
 f - 19 rations
 H - 3 chunks of flesh


   Skills:
 - Level 8.0 Fighting
 + Level 10.8 Dodging
 - Level 4.0 Stealth
 - Level 4.0 Shields
 - Level 6.1 Spellcasting
 - Level 7.1 Conjurations
 - Level 12.0 Necromancy
 - Level 7.1 Fire Magic
 - Level 5.0 Evocations


You had 4 spell levels left.
You knew the following spells:

 Your Spells              Type           Power        Failure   Level  Hunger
a - Flame Tongue          Conj/Fire      #####        1%          1    None
b - Animate Dead          Necr           N/A          1%          4    ###....
c - Conjure Flame         Conj/Fire      ######..     1%          3    #......
d - Sticky Flame          Conj/Fire      ######..     4%          4    ###....
e - Inner Flame           Hex/Fire       ####....     6%          3    #......
f - Agony                 Necr           ######..     1%          5    #####..

Your spell library contained the following spells:

 Spells                   Type           Power        Failure   Level  Hunger
 Pain                     Necr           ####         1%          1    None
 Sting                    Conj/Pois      ###.         1%          1    None
 Corpse Rot               Necr           N/A          1%          2    None
 Sublimation of Blood     Necr           ######....   1%          2    None
 Throw Flame              Conj/Fire      ######       1%          2    None
 Vampiric Draining        Necr           ######....   1%          3    #......
 Beastly Appendage        Tmut           #.....       9%          1    None
 Mephitic Cloud           Conj/Pois/Air  ###.....     11%         3    #......
 Poisonous Vapours        Pois/Air       #.....       14%         2    None
 Sticks to Snakes         Tmut           #.......     14%         2    None
 Spider Form              Tmut/Pois      #.........   26%         3    #......
 Ice Form                 Ice/Tmut       #.......     65%         4    ###....
 Olgreb's Toxic Radiance  Pois           #.......     65%         4    ###....
 Dispel Undead            Necr           ######..     1%          5    #####..
 Death Channel            Necr           ######....   10%         6    ######.
 Fireball                 Conj/Fire      ######....   14%         5    #####..
 Borgnjor's Vile Clutch   Necr/Erth      ####......   22%         5    #####..
 Venom Bolt               Conj/Pois      ###.......   50%         5    #####..
 Alistair's Intoxication  Tmut/Pois      #.......     94%         5    #####..
 Blade Hands              Tmut           #.........   94%         5    #####..
 Dragon Form              Tmut           #.........   100%        7    #######
 Ignition                 Fire           ######....   100%        8    #######


Dungeon Overview and Level Annotations

Branches:
Dungeon (9/15)             Temple (0/1) D:4            Lair (5/6) D:9
  Swamp (0/4) Lair:4        Snake (0/4) Lair:4        Slime (0/5) Lair:5
    Orc: D:9-12

Altars:
Cheibriados
Dithmenos
Hepliaklqana
Kikubaaqudgha
Okawaru
Wu Jian

Shops:
D:8 [

Annotations:
D:3 Grinder, Sigmund
D:9 exclusion: two-headed ogre
Lair:2 exclusion: fire dragon


Innate Abilities, Weirdness & Mutations

You cannot wear most types of armour.
You are very stealthy in the water. (Stealth+)
You are amphibious.
You can wear up to eight rings at the same time.
You can use your tentacles to constrict eight enemies at once.
Your skin changes colour to match your surroundings (Stealth+).
Your rubbery body absorbs attacks. (AC +1, EV +1)


Message History

You slash the white imp!
You kill the white imp!
Kikubaaqudgha accepts your kill.
An ice dragon comes into view.
The white imp shouts, "Back with thee, thou peaked weevil-witted fustilarian!"
The white imp gestures at you. The puff of frost hits you!!
You feel a terrible chill!
Found a ration and 29 gold pieces.
You barely miss the ice dragon. You barely miss the white imp.
The ice dragon breathes frost at you. The blast of cold hits you!
You feel a terrible chill! The white imp misses you.
Your wyvern zombie bites the ice dragon.
You hit the ice dragon but do no damage.
The ice dragon is lightly wounded.
You hit the white imp but do no damage. The ice dragon closely misses you.
The ice dragon claws you! The ice dragon closely misses you.
The white imp hits you.
* * * LOW HITPOINT WARNING * * *
The white imp freezes you.
You feel a terrible chill!
* * * LOW HITPOINT WARNING * * *
Your wyvern zombie bites the ice dragon but does no damage.
The ice dragon bites you.
* * * LOW HITPOINT WARNING * * *
The ice dragon claws you!
* * * LOW HITPOINT WARNING * * *
The ice dragon completely misses you.
Unknown command.
Okay, then.
Unknown command.
You swap places.
The white imp gestures at you.
The puff of frost hits your crocodile zombie.
Your crocodile zombie resists.
Your wyvern zombie bites the ice dragon but does no damage.
Your crocodile zombie bites the white imp!
The ice dragon barely misses your wyvern zombie.
The ice dragon claws your wyvern zombie.
The ice dragon tramples your wyvern zombie.
Your wyvern zombie holds its ground!
Unknown command.
Unknown command.
Your wyvern zombie bites the ice dragon!
Unknown command.
The ice dragon breathes frost at you.
The blast of cold hits your wyvern zombie.
Your wyvern zombie resists.
The blast of cold hits you!!!
You feel a terrible chill!
You die...
Kikubaaqudgha rasps: "You have failed me!
Welcome... death!"

.............................
.........Z...................
..........#..≈......#........
......###.≈≈≈................
...PP..#.≈≈≈≈≈≈Z.⌠...≈≈≈#....
......#.≈###≈≈≈....≈≈≈≈≈.....
.....#.≈≈≈.#≈≈≈...≈≈≈≈≈≈≈....
... #.≈≈≈#≈≈≈####≈#≈≈≈≈.....
#.≈≈≈≈≈@######.≈≈≈......
#...≈≈≈≈#.≈#.5≈##≈≈#.....
....≈≈≈≈##..#Z.)$#≈.......
....≈≈≈.≈###>ZD#.%#≈..##..#
...≈≈≈..≈####### $#≈≈......
..)≈≈...≈≈≈≈##≈## #≈≈≈.....
.....≈≈≈≈≈≈≈≈≈####≈≈..... ≈
..##≈≈≈≈≈..≈≈##≈≈≈....#. ≈≈
.. ..≈≈.....≈≈≈≈......##


You could see an ice dragon, a friendly wolf zombie and a friendly wyvern
zombie.

Vanquished Creatures
  Nessos (Lair:4)
  2 hydras
  A two-headed ogre (D:9)
  A queen ant (Lair:2)
  Urug (Lair:1)
  An oklob plant (Lair:1)
  3 elephants (Lair:3)
  3 black mambas
  6 spiny frogs
  6 komodo dragons
  A queen bee (D:9)
  A polar bear (Lair:5)
  A hornet (D:7)
  4 blink frogs (Lair:4)
  5 dream sheep (Lair:5)
  8 hippogriffs
  25 yaks
  2 fire bats (Lair:5)
  2 wyverns
  A basilisk (Lair:3)
  5 soldier ants (Lair:2)
  2 nagas (Lair:4)
  6 porcupines
  4 water moccasins
  An ice beast (D:7)
  5 orc warriors
  A necrophage (D:7)
  2 ogres
  A sky beast (D:9)
  11 crocodiles
  A phantom (D:7)
  5 wolves (Lair:5)
  A big kobold (D:2)
  7 bullfrogs
  A wyvern zombie (D:6)
  3 scorpions
  14 killer bees (D:9)
  3 wights (D:7)
  2 howler monkeys
  3 crimson imps
  7 hounds
  A quasit (D:6)
  3 jellies
  A bullfrog zombie (D:5)
  4 orc priests
  4 orc wizards
  2 bullfrog skeletons
  7 iguanas
  14 worker ants
  Terence (D:3)
  A killer bee zombie (D:9)
  2 hound zombies (D:5)
  2 hound skeletons
  A worker ant zombie (D:6)
  A howler monkey zombie (D:7)
  Robin (D:2)
  3 howler monkey skeletons
  6 gnolls
  5 adders
  A shadow imp (D:6)
  2 white imps (Lair:5)
  3 oozes (Lair:5)
  2 adder zombies
  An adder skeleton (D:9)
  4 worms
  4 dart slugs
  4 leopard geckos
  23 orcs
  3 bats
  6 giant cockroaches
  17 goblins
  17 hobgoblins
  3 jackals (D:9)
  11 kobolds
  5 quokkas
  3 ball pythons (D:1)
  3 frilled lizards
  A jackal skeleton (D:5)
  A quokka zombie (D:5)
  6 rats
  3 fungi
  2 plants
344 creatures vanquished.

Vanquished Creatures (collateral kills)
  A two-headed ogre (D:9)
  A black mamba (Lair:5)
  2 spiny frogs
  A rime drake (Lair:5)
  A polar bear (Lair:3)
  5 dream sheep
  A blink frog (Lair:4)
  A wyvern (Lair:5)
  6 yaks
  A basilisk (Lair:1)
  A naga (Lair:4)
  A water moccasin (Lair:3)
  4 porcupines
  A crocodile (Lair:3)
  A bullfrog (Lair:3)
  A worker ant (Lair:2)
  A fungus (Lair:4)
30 creatures vanquished.

Vanquished Creatures (others)
  A fire elemental (Lair:5)
  A water moccasin (Lair:5)
  An ooze (Lair:5)
  6 fungi
  10 plants (Lair:2)
19 creatures vanquished.

Grand Total: 393 creatures vanquished

Notes
Turn   | Place    | Note
-------+----------+-------------------------------------------
     0 | D:1      | Flugkiller the Octopode Fire Elementalist began the quest
                  | for the Orb.
     0 | D:1      | Reached XP level 1. HP: 11/11 MP: 3/3
   257 | D:1      | Reached XP level 2. HP: 17/17 MP: 1/5
   698 | D:1      | Reached XP level 3. HP: 19/21 MP: 2/6
  1114 | D:2      | Reached skill level 1 in Fighting
  1590 | D:2      | Reached XP level 4. HP: 25/28 MP: 2/7
  1616 | D:2      | Learned a level 3 spell: Conjure Flame
  2106 | D:2      | Found an ancient bone altar of Kikubaaqudgha.
  2129 | D:2      | Became a worshipper of Kikubaaqudgha
  2338 | D:2      | Reached XP level 5. HP: 33/33 MP: 8/8
  2351 | D:2      | Noticed Robin
  2423 | D:2      | Killed Robin
  2644 | D:3      | Noticed Grinder
  2658 | D:3      | Noticed Terence
  2679 | D:3      | Killed Terence
  2772 | D:3      | Found an ornate altar of the Wu Jian Council.
  2812 | D:3      | Noticed a big kobold
  2885 | D:2      | Killed a big kobold
  2885 | D:2      | Reached XP level 6. HP: 22/38 MP: 4/9
  3050 | D:3      | Noticed Sigmund
  3386 | D:3      | Found a shadowy altar of Dithmenos.
  3847 | D:4      | Found a snail-covered altar of Cheibriados.
  3975 | D:4      | Found a staircase to the Ecumenical Temple.
  4598 | D:5      | Entered Level 5 of the Dungeon
  4606 | D:5      | Found a hazy altar of Hepliaklqana.
  4663 | D:5      | Reached XP level 7. HP: 43/43 MP: 8/11
  4973 | D:5      | Reached * piety under Kikubaaqudgha
  4973 | D:5      | Identified Kikubaaqudgha's Compendium of Evil Rituals
                  | (Kikubaaqudgha gifted it to you on level 5 of the Dungeon)
  4973 | D:5      | Received a gift from Kikubaaqudgha
  4973 | D:5      | Reached skill level 5 in Fire Magic
  4973 | D:5      | Reached skill level 1 in Evocations
  4984 | D:5      | Reached skill level 5 in Conjurations
  5804 | D:6      | Reached XP level 8. HP: 51/51 MP: 7/14
  6600 | D:7      | Reached ** piety under Kikubaaqudgha
  6635 | D:7      | Noticed a hornet
  6649 | D:7      | Killed a hornet
  6653 | D:7      | Reached skill level 5 in Evocations
  6768 | D:7      | Learned a level 4 spell: Sticky Flame
  7011 | D:7      | Reached XP level 9. HP: 56/56 MP: 12/15
  7246 | D:7      | Found an iron altar of Okawaru.
  8180 | D:8      | Found Sishruv's Armour Emporium.
  8185 | D:8      | Bought a +0 buckler for 58 gold pieces
  8358 | D:8      | Reached skill level 1 in Shields
  8365 | D:8      | Reached *** piety under Kikubaaqudgha
  8365 | D:8      | Identified Kikubaaqudgha's Reference Book on Evil Secrets
                  | (Kikubaaqudgha gifted it to you on level 8 of the Dungeon)
  8365 | D:8      | Received a gift from Kikubaaqudgha
  8833 | D:8      | Learned a level 4 spell: Animate Dead
  8867 | D:9      | Noticed a two-headed ogre
  8991 | D:9      | Reached skill level 1 in Necromancy
  9041 | D:9      | Reached skill level 2 in Necromancy
  9155 | D:9      | Noticed a two-headed ogre
  9212 | D:9      | Reached XP level 10. HP: 52/63 MP: 10/16
  9293 | D:9      | Reached skill level 3 in Necromancy
  9471 | D:9      | Reached skill level 4 in Necromancy
  9766 | D:9      | Killed a two-headed ogre
  9766 | D:9      | Reached skill level 5 in Necromancy
  9815 | D:9      | Reached skill level 6 in Necromancy
  9925 | D:9      | Found a staircase to the Lair.
 10867 | D:9      | Reached skill level 7 in Necromancy
 11654 | D:9      | Reached skill level 8 in Necromancy
 11695 | D:9      | Killed a two-headed ogre
 11900 | Lair:1   | Entered Level 1 of the Lair of Beasts
 11905 | Lair:1   | Reached **** piety under Kikubaaqudgha
 11905 | Lair:1   | Reached skill level 9 in Necromancy
 12053 | Lair:1   | Learned a level 3 spell: Inner Flame
 12068 | Lair:1   | Noticed Urug
 12084 | Lair:1   | Reached XP level 11. HP: 61/67 MP: 8/17
 12344 | Lair:1   | Reached skill level 5 in Dodging
 12999 | Lair:1   | Killed Urug
 13400 | Lair:1   | Noticed an oklob plant
 13456 | Lair:1   | Killed an oklob plant
 13456 | Lair:1   | Reached skill level 5 in Fighting
 13571 | Lair:1   | Got an ivory flail
 13584 | Lair:1   | Got a brightly glowing broad axe
 13585 | Lair:1   | Identified the +10 broad axe "Oxkekoum" {speed, Str+5
                  | Dex+7} (You found it on level 1 of the Lair of Beasts)
 13586 | Lair:1   | HOLY SHIT
 14156 | Lair:1   | Reached skill level 10 in Necromancy
 14776 | Lair:2   | Noticed a queen ant
 14801 | Lair:2   | Killed a queen ant
 15193 | Lair:2   | Reached XP level 12. HP: 30/79 MP: 1/18
 15510 | Lair:2   | Noticed a six-headed hydra
 15542 | Lair:2   | Killed a six-headed hydra
 15742 | Lair:2   | Reached ***** piety under Kikubaaqudgha
 15917 | Lair:2   | Reached skill level 5 in Spellcasting
 16347 | Lair:2   | Noticed a fire dragon
 16418 | Lair:2   | Upgraded the game from 0.24-a0-584-g9d6b971ae4 to
                  | 0.24-a0-585-g5c5dc1b5cb
 16612 | Lair:3   | Identified the Papyrus of the Tortoise
 17241 | Lair:3   | Learned a level 5 spell: Agony
 18063 | Lair:4   | Noticed Nessos
 18157 | Lair:4   | Killed Nessos
 18328 | Lair:4   | Found a staircase to the Swamp.
 18509 | Lair:4   | Reached skill level 11 in Necromancy
 18723 | Lair:4   | Found a staircase to the Snake Pit.
 18893 | Lair:4   | Noticed a seven-headed hydra
 19097 | Lair:4   | Killed a seven-headed hydra
 19097 | Lair:4   | Reached XP level 13. HP: 88/88 MP: 15/22
 19209 | Lair:4   | Reached skill level 12 in Necromancy
 19536 | Lair:5   | Reached skill level 10 in Dodging
 19743 | Lair:5   | Found a staircase to the Slime Pits.
 20002 | Lair:5   | Noticed an ice dragon
 20008 | Lair:5   | Killed from afar by an ice dragon

Levels and vault maps discovered:
D:1:      lemuel_arrival_funnel, layout_rooms, minmay_misc_feat_cross,
          chequers_serial_rivers_micro_b, minmay_indecisive_spiral
D:2:      layout_basic, kiku_gazebo_pond_becter, minmay_heptomino_h4, uniq_robin
D:3:      layout_rooms, marbit_many_paths, overflow_temple_1_default,
          chequers_temple_overflow_minitemple, trog_eyes_of_draining,
          uniq_grinder, uniq_sigmund, uniq_terence
D:4:      layout_basic, minmay_temple_entry_overgrown, minmay_ruined_shrine
D:5:      minmay_angry_zag, layout_rooms, kennysheep_mini_moat, first_ration
D:6:      layout_basic
D:7:      layout_basic, okawaru_altar_gauntlet_db
D:8:      layout_basic, serial_shops, shop
D:9:      layout_irregular_city, david_lair_generic, david_nohive_1
Lair:1:   layout_cave_pods, minmay_lair_oklob_chamber, grunt_megastairs_2,
          uniq_urug
Lair:2:   dragon1_lemuel, layout_chaotic_city, wad_woods_antlair,
          serial_bayou_shore_a, grunt_megastairs_5, lemuel_fruit_tree
Lair:3:   layout_regular_city, beast_lair_carwin_11
Lair:4:   layout_roguey, minmay_swamp_entry_reptiles,
          minmay_snake_entry_guardpost_small, grunt_megastairs_4, uniq_nessos
Lair:5:   layout_gridlike, nicolae_slime_entry_slimehenge,
          bobbens_ice_dragon_lair, infiniplex_staircase_pool

Skill      XL: |  1  2  3  4  5  6  7  8  9 10 11 12 13 |
---------------+----------------------------------------+-----
Stealth        | 3 4 |  4.0
Conjurations   | 2 3 4 5 7 |  7.1
Fighting       | 1 2 3 6 8 |  8.0
Fire Magic     | 4 5 7 |  7.1
Spellcasting   | 3 4 6 |  6.1
Evocations     | 2 5 |  5.0
Dodging        | 4 8 9 10 | 10.8
Shields        | 3 4 |  4.0
Necromancy     | 2 9 10 11 12 | 12.0

Action                   |  1- 3 |  4- 6 |  7- 9 | 10-12 | 13-15 || total
-------------------------+-------+-------+-------+-------+-------++-------
Melee: Constrict         |     2 |     2 |     4 |    12 |    12 ||    32
       Tentacles         |     2 |     2 |     1 |    30 |     9 ||    44
       Unarmed           |     1 |       |       |     2 |       ||     3
       Short sword       |     3 |     5 |    26 |       |       ||    34
       Broad axe         |       |       |       |   114 |    42 ||   156
 Fire: Hunting sling     |    25 |   124 |   121 |     9 |       ||   279
Throw: Stone             |     4 |       |       |       |       ||     4
       Dart              |       |       |     1 |     2 |       ||     3
 Cast: Flame Tongue      |    61 |    90 |   274 |   303 |    27 ||   755
       Conjure Flame     |       |     8 |    10 |    25 |     1 ||    44
       Sticky Flame      |       |       |     1 |    56 |     5 ||    62
       Animate Dead      |       |       |       |    30 |     9 ||    39
       Inner Flame       |       |       |       |    19 |     1 ||    20
       Agony             |       |       |       |     3 |     3 ||     6
Evoke: Wand              |       |       |       |     4 |       ||     4
  Use: Scroll            |     4 |     4 |     1 |    11 |     1 ||    21
       Potion            |       |       |       |     2 |       ||     2
 Stab: Sleeping          |       |     1 |       |     3 |     2 ||     6
       Distracted        |       |       |       |     2 |       ||     2
       Paralysed         |       |       |       |     2 |       ||     2
  Eat: Chunk             |     3 |    11 |    14 |    22 |     3 ||    53
       Ration            |       |       |       |     7 |     1 ||     8
Armor: Skin              |     2 |     2 |    12 |     9 |       ||    25
Dodge: Dodged            |    19 |    38 |   110 |   155 |    38 ||   360
Block: Buckler           |       |       |     4 |    45 |    12 ||    61

Table legend:
 A = Non-vault XP
 B = Vault XP
 C = Vault XP percentage of total XP
 D = Non-vault monster count
 E = Vault monster count
 F = Vault count percentage of total count
                 A         B        C        D         E       F
            +---------+---------+-------+---------+---------+-------
      Total |   29591 |    9205 |  23.7 |     270 |      98 |  26.6
            +---------+---------+-------+---------+---------+-------
        D:1 |      39 |       8 |  17.0 |      22 |       4 |  15.4
        D:2 |     196 |      61 |  23.7 |      25 |      17 |  40.5
        D:3 |      10 |      37 |  78.7 |       6 |       2 |  25.0
        D:4 |     134 |     129 |  49.0 |       9 |       5 |  35.7
        D:5 |     412 |      62 |  13.1 |      19 |       5 |  20.8
        D:6 |     574 |       0 |   0.0 |      16 |       0 |   0.0
        D:7 |    1191 |      37 |   3.0 |      23 |       6 |  20.7
        D:8 |    1262 |       0 |   0.0 |      18 |       0 |   0.0
        D:9 |    2854 |    1842 |  39.2 |      26 |      19 |  42.2
     Lair:1 |    3153 |    1121 |  26.2 |      16 |       4 |  20.0
     Lair:2 |    5451 |    2969 |  35.3 |      21 |      18 |  46.2
     Lair:3 |    3236 |     269 |   7.7 |      15 |       2 |  11.8
     Lair:4 |    6501 |    2588 |  28.5 |      28 |      10 |  26.3
     Lair:5 |    4578 |      82 |   1.8 |      26 |       6 |  18.8
            +---------+---------+-------+---------+---------+-------
